 Dungeon Crawl Stone Soup version 0.27.1-1-g398f81649c (webtiles) character file.

Game seed: 17125967097598377885

125 MisterFreud the Magician (level 5, -7/43 HPs)
             Began as a Gnoll Wanderer on Sept 21, 2021.
             Was a Believer of Nemelex Xobeh.
             Blown up by Ijyb (22 damage)
             ... with a mindburst bolt
             ... on level 3 of the Dungeon.
             The game lasted 00:05:20 (2827 turns).

MisterFreud the Magician (Gnoll Wanderer)           Turns: 2827, Time: 00:05:21

Health: -7/43      AC:  3    Str: 14    XL:     5   Next: 9%
Magic:  14/14      EV: 11    Int: 11    God:    Nemelex Xobeh [**....]
Gold:   87         SH:  0    Dex: 10    Spells: 18/18 levels left

rFire    . . .     SeeInvis .   b - +2 hand axe (venom)
rCold    . . .     Faith    .   (no shield)
rNeg     . . .     Spirit   .   e - +0 robe
rPois    +         Reflect  .   (no helmet)
rElec    .         Harm     .   (no cloak)
rCorr    .         Rampage  .   (no gloves)
Will     .....                  q - +0 pair of boots
Stlth    ++........             (no amulet)
HPRegen  0.14/turn              k - ring of poison resistance
MPRegen  0.14/turn              (no ring)

@: mighty
A: fangs 1, strong nose, distributed training
a: Renounce Religion, Draw Escape, Draw Destruction, Draw Summoning


You were on level 3 of the Dungeon.
You worshipped Nemelex Xobeh.
Nemelex Xobeh was pleased with you.
You visited 1 branch of the dungeon, and saw 3 of its levels.

You collected 87 gold pieces.

Inventory:

Hand Weapons
 a - a +2 hand crossbow
 b - a +2 hand axe of venom (weapon)
 m - a +2 mace of holy wrath
 p - a +2 dagger of freezing
Missiles
 f - 18 bolts
 r - 15 poisoned darts (quivered)
Armour
 e - a +0 robe (worn)
 q - a +0 pair of boots (worn)
Jewellery
 k - a ring of poison resistance (left hand)
Scrolls
 d - 2 scrolls of teleportation
 g - 5 scrolls of identify {unknown}
 i - a scroll of enchant weapon {unknown}
 l - a scroll of enchant armour {unknown}
 n - a scroll of blinking {unknown}
Potions
 c - a potion of lignification
 h - a potion of haste {unknown}
 j - 2 potions of might
 o - 2 potions of ambrosia


   Skills:
 + Level 4.7 Fighting
 + Level 1.3 Short Blades
 + Level 1.3 Long Blades
 + Level 1.3 Axes
 + Level 1.3 Maces & Flails
 + Level 1.3 Polearms
 + Level 1.3 Staves
 + Level 1.3 Slings
 + Level 1.3 Bows
 + Level 2.9 Crossbows
 + Level 1.3 Throwing
 + Level 4.7 Armour
 + Level 1.3 Dodging
 + Level 2.7 Stealth
 + Level 2.9 Shields
 + Level 1.3 Unarmed Combat
 + Level 7.2 Spellcasting
 + Level 1.1 Conjurations
 + Level 1.1 Hexes
 + Level 1.1 Summonings
 + Level 1.1 Necromancy
 + Level 1.1 Translocations
 + Level 1.1 Transmutations
 + Level 1.1 Fire Magic
 + Level 1.1 Ice Magic
 + Level 1.1 Air Magic
 + Level 1.1 Earth Magic
 + Level 1.1 Poison Magic
 + Level 1.5 Invocations
 + Level 1.3 Evocations


You had 18 spell levels left.
You didn't know any spells.
Your spell library contained the following spells:

 Spells                   Type           Power      Damage    Failure   Level
 Corpse Rot               Necr/Air       N/A        N/A       16%         2
 Dispel Undead            Necr           6%         3d8       71%         4
 Death Channel            Necr           3%         N/A       100%        6


Dungeon Overview and Level Annotations

Branches:
Dungeon (3/15)

Altars:
Nemelex Xobeh
Zin

Shops:
D:1 =[   D:3 **

Annotations:
D:3 Ijyb


Innate Abilities, Weirdness & Mutations

You have very sharp teeth.
Your uncanny sense of smell can sniff out nearby items.
Your experience applies equally to all skills.


Message History

Aim: Ijyb, wielding a +0 club, wearing a +0 leather armour and carrying a wand of mindburst (17) (59% to hit)
Okay, then.
Unknown command.
Okay, then.
Unknown command.
Okay, then.
Unknown command.
Okay, then.
Unknown command.
Unknown command.
It was a potion of might.
You feel very mighty all of a sudden.
It was a potion of ambrosia.
You are confused.
You feel invigorated.
Ijyb screams, "Get away!"
Ijyb hits you with a +0 club.
Your +2 hand axe of venom begins to drip with poison!
b - a +2 hand axe of venom (weapon)
You bump into the rock wall.
Ijyb hits you with a +0 club.
You bump into the rock wall.
Ijyb closely misses you.
You closely miss Ijyb.
Ijyb zaps a wand.
Your mind is blasted!
Ouch! That really hurt!
* * * LOW HITPOINT WARNING * * *
Ijyb screams, "No!
No, no, no, no!"
Ijyb hits you with a +0 club.
* * * LOW HITPOINT WARNING * * *
You bump into the rock wall.
Ijyb barely misses you.
You bump into the rock wall.
Ijyb closely misses you.
You bump into the rock wall.
Ijyb hits you with a +0 club.
You bump into the rock wall.
Ijyb hits you with a +0 club.
You feel less invigorated.
You feel less confused.
You barely miss Ijyb. Ijyb hits you with a +0 club.
You slash Ijyb!
Ijyb looks as sick as possible!
Ijyb is moderately wounded.
Ijyb zaps a wand.
Your mind is blasted!
Ouch! That really hurt!
You die...
Your body glows with a rainbow of weird colours and disappears.

#.# #.# #.#
#.# #.# #.#
#.#
#.############
#....@g....((.
#############.


You could see Ijyb (extremely poisoned).

Vanquished Creatures
  Jessica (D:3)
  Terence (D:3)
  2 adders (D:2)
  An orc (D:2)
  4 bats
  6 endoplasms (D:1)
  4 giant cockroaches
  6 goblins
  3 hobgoblins
  6 jackals (D:2)
  3 kobolds
  3 quokkas
  3 ball pythons
  3 frilled lizards
  2 rats
48 creatures vanquished.

Notes
Turn   | Place    | Note
-------+----------+-------------------------------------------
     0 | D:1      | MisterFreud the Gnoll Wanderer began the quest for the Orb.
     0 | D:1      | MisterFreud set off with the following items: a +2 hand
                  | crossbow, 23 bolts, a potion of lignification, a scroll of
                  | teleportation, a +0 robe
     0 | D:1      | Reached XP level 1. HP: 20/20 MP: 8/8
   117 | D:1      | Reached XP level 2. HP: 26/26 MP: 10/10
   257 | D:1      | Found Dutowi Vasif's Jewellery Boutique.
   329 | D:1      | Found a faded altar of an unknown god.
   337 | D:1      | Became a worshipper of Nemelex Xobeh the Trickster
   337 | D:1      | Reached * piety under Nemelex Xobeh
   348 | D:1      | Received a gift from Nemelex Xobeh
   679 | D:1      | Reached XP level 3. HP: 31/31 MP: 11/11
   968 | D:1      | Found Qeiweic's Armour Shop.
  1460 | D:2      | Reached skill level 1 in Invocations
  1523 | D:2      | Reached ** piety under Nemelex Xobeh
  1568 | D:2      | Reached skill level 1 in Short Blades
  1568 | D:2      | Reached skill level 1 in Long Blades
  1568 | D:2      | Reached skill level 1 in Axes
  1568 | D:2      | Reached skill level 1 in Maces & Flails
  1568 | D:2      | Reached skill level 1 in Polearms
  1568 | D:2      | Reached skill level 1 in Staves
  1568 | D:2      | Reached skill level 1 in Slings
  1568 | D:2      | Reached skill level 1 in Bows
  1568 | D:2      | Reached skill level 1 in Throwing
  1568 | D:2      | Reached skill level 1 in Dodging
  1568 | D:2      | Reached skill level 1 in Unarmed Combat
  1568 | D:2      | Reached skill level 1 in Evocations
  1859 | D:2      | Reached XP level 4. HP: 25/38 MP: 13/13
  2024 | D:2      | Received a gift from Nemelex Xobeh
  2451 | D:3      | Found Zin's Purification Station.
  2454 | D:3      | Found a glowing silver altar of Zin.
  2454 | D:3      | Found Vaazitume's General Store.
  2455 | D:3      | Noticed Terence
  2464 | D:3      | Killed Terence
  2465 | D:3      | Reached skill level 1 in Conjurations
  2465 | D:3      | Reached skill level 1 in Hexes
  2465 | D:3      | Reached skill level 1 in Summonings
  2465 | D:3      | Reached skill level 1 in Necromancy
  2465 | D:3      | Reached skill level 1 in Translocations
  2465 | D:3      | Reached skill level 1 in Transmutations
  2465 | D:3      | Reached skill level 1 in Fire Magic
  2465 | D:3      | Reached skill level 1 in Ice Magic
  2465 | D:3      | Reached skill level 1 in Air Magic
  2465 | D:3      | Reached skill level 1 in Earth Magic
  2465 | D:3      | Reached skill level 1 in Poison Magic
  2664 | D:3      | Noticed Jessica
  2666 | D:3      | Killed Jessica
  2667 | D:3      | Reached XP level 5. HP: 40/43 MP: 14/14
  2809 | D:3      | Noticed Ijyb
  2827 | D:3      | Blown up by Ijyb

Illustrated notes

Levels and vault maps discovered:
D:1:      onia_arrival_mini_maze_b, layout_basic,
          shapermc_ecumenical_altar_pompeii, serial_shops, shop, shop
D:2:      layout_basic
D:3:      layout_basic, zin_purify, serial_shops, shop, uniq_jessica, uniq_ijyb,
          uniq_terence

Skill      XL: |  1  2  3  4 |
---------------+-------------+-----
Invocations    | 1 |  1.5
Short Blades   | 1 |  1.3
Long Blades    | 1 |  1.3
Axes           | 1 |  1.3
Maces & Flails | 1 |  1.3
Polearms       | 1 |  1.3
Staves         | 1 |  1.3
Slings         | 1 |  1.3
Bows           | 1 |  1.3
Throwing       | 1 |  1.3
Dodging        | 1 |  1.3
Unarmed Combat | 1 |  1.3
Evocations     | 1 |  1.3
Conjurations   | 1 |  1.1
Hexes          | 1 |  1.1
Summonings     | 1 |  1.1
Necromancy     | 1 |  1.1
Translocations | 1 |  1.1
Transmutations | 1 |  1.1
Fire Magic     | 1 |  1.1
Ice Magic      | 1 |  1.1
Air Magic      | 1 |  1.1
Earth Magic    | 1 |  1.1
Poison Magic   | 1 |  1.1
Fighting       | |  4.7
Crossbows      | |  2.9
Armour         | |  4.7
Stealth        | |  2.7
Shields        | |  2.9
Spellcasting   | |  7.2

Action                   |  1- 3 |  4- 6 || total
-------------------------+-------+-------++-------
Melee: Unarmed           |     1 |       ||     1
       Dagger            |    43 |     4 ||    47
       Bite              |     2 |       ||     2
       Hand axe          |       |     5 ||     5
 Fire: Hand crossbow     |    43 |    19 ||    62
  Use: Potion            |       |     2 ||     2
Armor: Robe              |     7 |     2 ||     9
Dodge: Dodged            |    22 |     7 ||    29
